 Dungeon Crawl Stone Soup version 0.26-a0-599-gc8f6553d2c (webtiles) character file.

Game seed: 604589271554001886

224 ANON1729 the Shooter (level 6, -5/57 HPs)
             Began as a Naga Hunter on Aug 29, 2020.
             Slain by a centaur
             ... wielding a +0 whip
              (8 damage)
             ... on level 3 of the Dungeon.
             The game lasted 00:04:02 (2416 turns).

ANON1729 the Shooter (Naga Hunter)                  Turns: 2416, Time: 00:04:03

Health: -5/57      AC:  3    Str: 16    XL:     6   Next: 0%
Magic:  15/15      EV: 10    Int: 11    God:
Gold:   120        SH:  0    Dex: 12    Spells: 5/5 levels left

rFire    . . .     SeeInvis +   m - +0 great sword
rCold    . . .     Faith    .   (shield currently unavailable)
rNeg     . . .     Spirit   .   c - +0 leather armour
rPois    +         Reflect  .   (no helmet)
rElec    .         Harm     .   (no cloak)
rCorr    .                      (no gloves)
MR       .....                  (no barding)
Stlth    ++........             (no amulet)
HPRegen  0.19/turn              o - ring of magical power
MPRegen  0.14/turn              (no ring)

@: short of breath, very slow
A: large, see invisible, deformed body, poison resistance, slowness 2, spit
poison 1, AC +2
a: Spit Poison


You were on level 3 of the Dungeon.
You visited 1 branch of the dungeon, and saw 3 of its levels.

You collected 120 gold pieces.

Inventory:

Hand Weapons
 a - a +1 shortbow
 b - a +0 short sword
 m - a +0 great sword (weapon)
Missiles
 d - 6 arrows
Armour
 c - a +0 leather armour (worn)
Jewellery
 o - a ring of magical power (left hand)
Scrolls
 e - 4 scrolls of identify {unknown}
 i - a scroll of noise {unknown}
 k - a scroll of teleportation {unknown}
 l - a scroll of remove curse {unknown}
 n - a scroll of fear {unknown}
Potions
 f - a potion of brilliance {unknown}
 g - a potion of haste
 h - a potion of resistance {unknown}
 j - 2 potions of curing


   Skills:
 * Level 3.7 Fighting
 * Level 4.6 Bows
 - Level 1.0 Armour
 + Level 2.5 Dodging
 + Level 2.9 Stealth


You had 5 spell levels left.
You didn't know any spells.
Your spell library was empty.

Dungeon Overview and Level Annotations

Branches:
Dungeon (3/15)

Altars:
Dithmenos
Okawaru
Ru
Vehumet
Zin


Innate Abilities, Weirdness & Mutations

You cannot wear boots.
Your serpentine skin is tough. (AC +2)
You have supernaturally acute eyesight. (SInv)
Armour fits poorly on your strangely shaped body.
Your system is resistant to poisons. (rPois)
You cover ground very slowly.
You can spit poison.


Message History

You see here an arrow.
Press: ? - help, Shift-Dir - straight line, f - centaur
Aim: a centaur, wielding a +0 shortbow, wearing a +0 robe and quivering 44 arrows (fast)
The splash of poison hits the centaur.
The centaur is poisoned.
The centaur is lightly wounded.
The centaur shoots an arrow.
The arrow closely misses you.
The centaur shoots an arrow.
The arrow hits you!
The centaur unwields a +0 shortbow.
The centaur wields a +0 whip.
The centaur hits you but does no damage.
The centaur hits you with a +0 whip. The centaur hits you with a +0 whip!
You see here an arrow.
You barely miss the centaur.
The centaur is lightly wounded.
The centaur looks more healthy.
The centaur hits you with a +0 whip. The centaur hits you with a +0 whip!
* * * LOW HITPOINT WARNING * * *
The centaur hits you with a +0 whip.
* * * LOW HITPOINT WARNING * * *
The centaur hits you with a +0 whip!
You die...

.........................
................#....(...
#########.......#........
.......÷........#......#'
................#..(.....
.........#(.....#.(......
.........#......#(.......
....(....#.....(#(.......
.........###....@c.......
.........# #.............
.........# #.............
.........###.............
...........#....#.######.
......÷......)..#.(.
...........#.####.....
.......#...#... ......
......##...#.....##...#


You could see a centaur (fast).

Vanquished Creatures
  A jelly (D:2)
  An orc wizard (D:2)
  Natasha (thrice) (D:3)
  3 adders (D:3)
  An ooze (D:2)
  A worm (D:3)
  3 dart slugs (D:1)
  2 leopard geckos (D:1)
  5 bats
  4 giant cockroaches
  5 goblins
  6 hobgoblins
  3 jackals (D:1)
  2 quokkas (D:2)
  3 frilled lizards
  8 kobolds
  5 rats
56 creatures vanquished.

Notes
Turn   | Place    | Note
-------+----------+-------------------------------------------
     0 | D:1      | ANON1729 the Naga Hunter began the quest for the Orb.
     0 | D:1      | Reached XP level 1. HP: 19/19 MP: 1/1
    31 | D:1      | Reached XP level 2. HP: 15/26 MP: 2/2
   258 | D:1      | Reached XP level 3. HP: 21/33 MP: 3/3
   520 | D:1      | You fall into a shaft and drop 1 floor!
   621 | D:2      | Found a shadowy altar of Dithmenos.
   632 | D:2      | Reached skill level 4 in Bows
   632 | D:2      | Reached XP level 4. HP: 28/40 MP: 4/4
   646 | D:2      | Found a faded altar of an unknown god.
   655 | D:2      | Found an iron altar of Okawaru.
   662 | D:2      | Reached skill level 1 in Armour
   732 | D:2      | Found a radiant altar of Vehumet.
   993 | D:2      | Found a sacrificial altar of Ru.
  1233 | D:2      | Found a glowing silver altar of Zin.
  1659 | D:3      | Reached XP level 5. HP: 25/49 MP: 5/5
  1976 | D:3      | Noticed Natasha
  1987 | D:3      | Killed Natasha
  2016 | D:3      | Noticed Natasha
  2027 | D:3      | Killed Natasha
  2061 | D:3      | Noticed Natasha
  2280 | D:3      | Killed Natasha
  2280 | D:3      | Reached XP level 6. HP: 42/57 MP: 6/6
  2416 | D:3      | Slain by a centaur

Illustrated notes

Levels and vault maps discovered:
D:1:      dpeg_arrival_round_a, layout_basic, amethyst_killhole
D:2:      layout_loops_cross, fiery_altar_vehumet, zin_statuary,
          okawaru_gym_becter, grunt_dithmenos_smoke,
          nicolae_ru_great_annihilating_truth, chequers_ecumenical_altar_island,
          serial_co_window_serial, co_window_paths_b,
          co_window_of_opportunity_a, co_window_of_opportunity_a,
          co_window_paths_a, co_window_paths_a, co_window_corner_b,
          co_window_broadway_b, co_window_of_opportunity_b, co_window_corner_ca,
          co_window_of_opportunity_b, glass_columns_c, glass_columns_c,
          glass_columns_a, glass_columns_a, minmay_misc_feat_ornament
D:3:      layout_basic, makhleb_blood_cavern_becter, kiku_gazebo_pond_becter,
          uniq_natasha

Skill      XL: |  1  2  3  4 |
---------------+-------------+-----
Stealth        | 2 |  2.9
Bows           | 4 |  4.6
Dodging        | 2 |  2.5
Armour         | 1 |  1.0
Fighting       | 3 |  3.7

Action                   |  1- 3 |  4- 6 || total
-------------------------+-------+-------++-------
Melee: Short sword       |       |    41 ||    41
       Great sword       |       |    37 ||    37
 Fire: Shortbow          |    66 |    32 ||    98
 Abil: Spit Poison       |       |     3 ||     3
  Use: Potion            |       |     1 ||     1
 Stab: Sleeping          |       |     2 ||     2
Armor: Leather armour    |       |    18 ||    18
Dodge: Dodged            |    14 |    64 ||    78
       Rpst.: Great sword |       |    11 ||    11

Table legend: (Time is in decaauts)
 A = Elapsed time spent in this place.
 B = Non-inter-level travel time spent in this place.
 C = Inter-level travel time spent in this place.
 D = Time resting spent in this place.
 E = Time spent auto-exploring this place.
 F = Levels seen in this place.
 G = Mean time per level.
                   A        B        C        D        E       F      G
               +--------+--------+--------+--------+--------+-----+--------+
         Total |   2953 |   2916 |     37 |    910 |   1546 |   3 |  984.3 |
       Dungeon |   2953 |   2916 |     37 |    910 |   1546 |   3 |  984.3 |
               +--------+--------+--------+--------+--------+-----+--------+

Top non-repeatable levels by time:
     D:2: 1650 daAuts
     D:3: 697 daAuts
     D:1: 605 daAuts
